 Dungeon Crawl Stone Soup version 0.29.1-15-g9cfb28693d (webtiles) character file.

Game seed: 3921889064615797375

5 DemonSlayer the Digger (level 1, -1/13 HPs)
             Began as a Demonspawn Earth Elementalist on Mar 16, 2023.
             Slain by a jackal (3 damage)
             ... on level 1 of the Dungeon.
             The game lasted 00:00:54 (83 turns).

DemonSlayer the Digger (DsEE)                         Turns: 83, Time: 00:00:55

Health: -1/13      AC:  2    Str:  8    XL:     1   Next: 66%
Magic:  0/3        EV: 12    Int: 16    God:
Gold:   26         SH:  0    Dex: 19    Spells: 3/4 levels left

rFire   + . .      SeeInvis .   f - +0 whip
rCold   x . .      Faith    .   (no shield)
rNeg    . . .      Spirit   .   a - +0 robe
rPois   .          Reflect  .   (no helmet)
rElec   .          Harm     .   (no cloak)
rCorr   .          Rampage  .   (no gloves)
Will    .....                   (no boots)
Stlth   ++........              (no amulet)
HPRegen 0.04/turn               e - ring of fire
MPRegen 0.08/turn               g - +6 ring of dexterity

@: no status effects
A: no striking features
a: no special abilities


You were on level 1 of the Dungeon.
You visited 1 branch of the dungeon, and saw 1 of its levels.

You collected 26 gold pieces.

Inventory:

Hand Weapons
 f - a +0 whip (weapon)
Armour
 a - a +0 robe (worn)
Jewellery
 e - a ring of fire (left hand)
 g - a +6 ring of dexterity (right hand)
Potions
 c - a potion of degeneration {unknown}
 d - a potion of resistance {unknown}


   Skills:
 + Level 1.7 Dodging
 + Level 1.7 Stealth
 + Level 2.1 Spellcasting
 + Level 0.8 Transmutations
 + Level 3.0 Earth Magic


You had 3 spell levels left.
You knew the following spells:

 Your Spells              Type           Power      Damage    Failure   Level
a - Sandblast             Erth           22%        2d7       6%          1

Your spell library contained the following spells:

 Spells                   Type           Power      Damage    Failure   Level
 Passwall                 Tmut/Erth      5%         N/A       14%         2
 Stone Arrow              Conj/Erth      12%        3d7       32%         3
 Petrify                  Tmut/Erth      7%         N/A       67%         4


Dungeon Overview and Level Annotations

Branches:
Dungeon (1/15)

Altars:


Message History

The blast of sand hits the hobgoblin but does no damage.
The hobgoblin is severely wounded.
The jackal barks!
The jackal bites you but does no damage.
The hobgoblin hits you but does no damage.
The jackal bites you.
The blast of sand hits the hobgoblin!
You kill the hobgoblin!
The jackal bites you.
The jackal bites you but does no damage.
The blast of sand hits the jackal.
The jackal is almost dead.
The jackal barely misses you. The jackal closely misses you. x2
You are out of magic!
You are out of magic!
You hit the jackal.
You kill the jackal!
The jackal bites you. The jackal barely misses you. The jackal bites you.
Unknown command.
Casting: Sandblast (safe; 6% risk of failure)
Confirm with . or Enter, or press ? or * to list all spells.
Aiming: Sandblast (safe; 6% risk of failure)
Press: ? - help, Shift-Dir - straight line, f - jackal
Aim: a jackal (77% to hit)
The blast of sand hits the jackal!
You kill the jackal!
The jackal bites you. The jackal barely misses you.
A goblin comes into view. It is wielding a +0 dagger.
Your Earth Magic skill increases to level 3!
Unknown command.
You are too injured to fight recklessly!
You closely miss the jackal. The jackal barely misses you.
The jackal closely misses you.
You miss the jackal.
The jackal bites you but does no damage.
You closely miss the jackal. The jackal closely misses you. x2
You hit the jackal but do no damage. The jackal bites you.
* * * LOW HITPOINT WARNING * * *
You hit the jackal but do no damage. The jackal bites you.
You die...

#♣♣♣♣...♣♣♣♣ .......
#........... .......
...#........... #......
##..#.8..8.8..8.
#....).
....#..÷....÷÷.. #....g
.#..#.......÷÷.. .....
.#..#.8..8.8..8.
#.h#.#..#...........
#[@###.#...........
##..#..#...........
#....#.#...........
#...#.#.#...........
#.....###........<.....
##._.# ##.#...........
#.... #..#...........
#...#. #...#...........
...###
.....#...........


You could see a jackal and a goblin.

Vanquished Creatures
  A ball python (D:1)
  A hobgoblin (D:1)
  2 jackals (D:1)
4 creatures vanquished.

Notes
Turn   | Place    | Note
-------+----------+-------------------------------------------
     0 | D:1      | DemonSlayer the Demonspawn Earth Elementalist began the
                  | quest for the Orb.
     0 | D:1      | Reached XP level 1. HP: 13/13 MP: 3/3
    59 | D:1      | Found a faded altar of an unknown god.
    79 | D:1      | Reached skill level 3 in Earth Magic
    83 | D:1      | Slain by a jackal

Illustrated notes

Levels and vault maps discovered:
D:1:      giann_forest_graveyard, layout_basic,
          nicolae_ecumenical_snake_handling

Skill      XL: |  1 |
---------------+----+-----
Earth Magic    | 3 |  3.0
Dodging        | |  1.7
Stealth        | |  1.7
Spellcasting   | |  2.1
Transmutations | |  0.8

Action                   || total
-------------------------++-------
Melee: Whip              ||     9
 Cast: Sandblast         ||     7
  Use: Potion            ||     1
Armor: Robe              ||     4
Dodge: Dodged            ||    16
